 Dungeon Crawl Stone Soup version 0.31.0-12-g77e489cdc1 (webtiles) character file.

Game seed: 16522540560363013697

53 cdecastro the Cudgeller (level 3, -1/29 HPs)
             Began as an Armataur Warper on Mar 2, 2024.
             Slain by a gnoll
             ... wielding a +0 whip
              (9 damage)
             ... on level 3 of the Dungeon.
             The game lasted 00:02:04 (1423 turns).

cdecastro the Cudgeller (Armataur Warper)           Turns: 1423, Time: 00:02:05

Health: -1/29      AC:  4    Str: 18    XL:     3   Next: 62%
Magic:  5/5        EV:  9    Int: 13    God:
Gold:   75         SH:  0    Dex:  9    Spells: 5/5 levels left

rFire   . . .        a - +0 mace
rCold   . . .        (no shield)
rNeg    . . .        b - +0 leather armour
rPois   .            (no helmet)
rElec   .            (no cloak)
rCorr   .            (no gloves)
SInv    .            (no barding)
Will    .....        (no amulet)
Stlth   +            (no ring)
HPRegen 0.24/turn    (no ring)
MPRegen 0.09/turn

%: roll
@: no status effects
A: large, deformed body, tough skin 3, armoured tail, roll 1
a: no special abilities


You were on level 3 of the Dungeon.
You visited 1 branch of the dungeon, and saw 3 of its levels.

You collected 75 gold pieces.

Inventory:

Hand Weapons
 a - a +0 mace (weapon)
Missiles
 d - 7 darts of dispersal (quivered)
 j - 3 javelins
 k - 3 boomerangs
Armour
 b - a +0 leather armour (worn)
Jewellery
 n - a ring of positive energy
Scrolls
 c - a scroll of blinking
 e - a scroll of noise {unknown}
 f - a scroll of amnesia {unknown}
 h - a scroll of vulnerability {unknown}
 i - 2 scrolls of identify {unknown}
 l - a scroll of poison {unknown}
 m - a scroll of revelation {unknown}
 o - a scroll of fear {unknown}
 p - a scroll of teleportation {unknown}
Potions
 g - a potion of mutation {unknown}


   Skills:
 - Level 1.7 Fighting
 + Level 3.7 Maces & Flails
 - Level 0.8 Throwing
 - Level 1.2 Armour
 - Level 1.3 Dodging
 - Level 1.7 Spellcasting
 - Level 3.0 Translocations


You had 5 spell levels left.
You didn't know any spells.
Your spell library contained the following spells:

 Spells                   Type           Power      Damage    Failure   Level
 Blink                    Tloc           16%        N/A       14%         2
 Lesser Beckoning         Tloc           16%        N/A       14%         2
 Teleport Other           Tloc           8%         N/A       26%         3
 Sandblast                Erth           2%         2d4       30%         1
 Manifold Assault         Tloc           8%         N/A       65%         4
 Passwall                 Erth           1%         N/A       67%         3
 Stone Arrow              Conj/Erth      2%         3d7       67%         3
 Vhi's Electric Charge    Tloc/Air       10%        N/A       86%         4
 Brom's Barrelling Bould  Conj/Erth      1%         2d3       97%         4


Dungeon Overview and Level Annotations

Branches:
Dungeon (3/15)

Altars:
Ashenzari


Innate Abilities, Weirdness & Mutations

Armour fits poorly on your strangely shaped body.
You have extremely tough skin. (AC +3)
You have a long armoured tail.
You regenerate magic when rolling toward enemies. (Rampage MPRegen)


Message History

The hobgoblin barely misses you.
You closely miss the hobgoblin.
The hobgoblin hits you but does no damage.
You hit the hobgoblin.
The hobgoblin is severely wounded.
The hobgoblin hits you. The hobgoblin misses you.
You barely miss the hobgoblin. You tail-slap the hobgoblin.
You kill the hobgoblin!
A ball python comes into view.
The ball python hisses angrily.
A ball python is nearby!
A ball python is nearby!
You hit the ball python.
You kill the ball python!
Found a chain mail. 2 gnolls come into view.
The gnoll shouts! x2
A gnoll comes into view. It is wielding a +0 spear.
The gnoll moves out of view.
There are monsters nearby!
There are monsters nearby!
There are monsters nearby!
You roll towards the gnoll!
You hit the gnoll but do no damage. The gnoll hits you with a +0 club.
You barely miss the gnoll. The gnoll hits you with a +0 club. x2
You sock the gnoll!
The gnoll is severely wounded.
The gnoll hits you with a +0 club.
* * * LOW HITPOINT WARNING * * *
A gnoll comes into view. It is wielding a +0 spear.
The gnoll shouts!
You sock the gnoll!
You kill the gnoll!
You hear a shout!
You hit the gnoll.
The gnoll is moderately wounded.
The gnoll hits you with a +0 whip.
* * * LOW HITPOINT WARNING * * *
The gnoll attacks as it pursues you! The gnoll hits you with a +0 whip!
You die...

########## ##
#........########..
#.###..............
#.##...#.#####.##.#
#.##...#.#####.##.#
########.........<........
[...............#####.##.#
.#######.@......# #.##.#
#g##...#.# #..... #.##...#.#
####.# #.###.##.# #.# #g#
..##.# #.. ##########.##.#
#.## ### #...g.g..g.##. #..##
#...##########.###...########
....... .................


You could see 3 gnolls.

Vanquished Creatures
  A gnoll (D:3)
  4 endoplasms
  3 giant cockroaches
  7 goblins
  3 hobgoblins
  2 jackals (D:1)
  A quokka (D:1)
  2 ball pythons
  2 bats
  A frilled lizard (D:1)
  8 kobolds
  9 rats
43 creatures vanquished.

Notes
Turn   | Place    | Note
-------+----------+-------------------------------------------
     0 | D:1      | cdecastro the Armataur Warper began the quest for the Orb.
     0 | D:1      | Reached XP level 1. HP: 17/17 MP: 3/3
   117 | D:1      | Reached XP level 2. HP: 20/24 MP: 4/4
   496 | D:1      | Reached XP level 3. HP: 29/29 MP: 5/5
  1342 | D:3      | Found a broken altar of Ashenzari.
  1423 | D:3      | Slain by a gnoll

Illustrated notes

Levels and vault maps discovered:
D:1:      dpeg_arrival_prison, layout_basic
D:2:      layout_loops_ring
D:3:      layout_loops_ring, mainiacjoe_overflow_concentric_impassable,
          hellmonk_no_cap, uniq_crazy_yiuf_cottage, uniq_natasha, uniq_ijyb

Skill      XL: |  1  2 |
---------------+-------+-----
Maces & Flails | 2 3 |  3.7
Fighting       | |  1.7
Throwing       | |  0.8
Armour         | |  1.2
Dodging        | |  1.3
Spellcasting   | |  1.7
Translocations | |  3.0

Action                     || total
---------------------------++-------
  Melee: Mace              ||    82
         Tailslap          ||     6
         Punch             ||     2
 Armour: Leather armour    ||    49
  Dodge: Dodged            ||    25
